 Dungeon Crawl Stone Soup version 0.16.1-51-g6203257 (webtiles) character file.

427 uhvn the Ducker (level 6, -5/61 HPs)
             Began as a Troll Assassin on July 4, 2015.
             Was a Believer of Nemelex Xobeh.
             Slain by an ice beast (11 damage)
             ... on level 5 of the Dungeon on July 7, 2015.
             The game lasted 00:42:28 (4305 turns).

uhvn the Ducker (Troll Assassin)                    Turns: 4305, Time: 00:42:30

Health: -5/61      AC:  6    Str: 20    XL:     6   Next: 65%
Magic:  4/4        EV: 11    Int:  7    God:    Nemelex Xobeh [**....]
Gold:   281        SH:  0    Dex: 13    Spells: 0 memorised, 5 levels left

rFire  . . .     SeeInvis .     a - +2 dagger
rCold  . . .     Clarity  .     c - +0 robe
rNeg   . . .     SustAb   .     (shield restricted)
rPois  .         Gourm    +     (helmet restricted)
rElec  .         Spirit   .     d - +0 cloak
rCorr  +         Warding  .     (gloves unavailable)
rMut   .         Stasis   .     (boots unavailable)
MR     .....                    x - amulet of resist corrosion
Stlth  ++........               (no ring)
                                D - ring of wizardry

@: not resistant to hostile enchantments, unstealthy
A: unfitting armour, claws 3, fast metabolism 3, gourmand, regeneration 2,
shaggy fur 1, tough skin 2
a: Renounce Religion


You were on level 5 of the Dungeon.
You worshipped Nemelex Xobeh.
Nemelex Xobeh was pleased with you.
You were completely stuffed.

You visited 1 branch of the dungeon, and saw 5 of its levels.

You collected 281 gold pieces.

Inventory:

Hand weapons
 a - a +2 dagger (weapon)
 b - a +0 blowgun
 w - a +0 whip of electrocution
Missiles
 e - 8 poisoned needles
 f - 2 curare-tipped needles
 p - 94 stones (quivered)
 s - 18 sling bullets
Armour
 c - a +0 robe (worn)
 d - a +0 cloak (worn)
Jewellery
 g - a cursed amulet of inaccuracy {unknown}
 x - an amulet of resist corrosion (around neck)
 D - a ring of wizardry (left claw)
Magical devices
 z - a wand of confusion (0)
Scrolls
 i - 3 scrolls of blinking {unknown}
 l - 3 scrolls of amnesia {unknown}
 m - 2 scrolls of noise {unknown}
 r - 4 scrolls of teleportation {unknown}
 t - 3 scrolls of enchant weapon {unknown}
 v - 2 scrolls of magic mapping {unknown}
 y - 2 scrolls of identify {unknown}
 B - 3 scrolls of immolation {unknown}
 C - 2 scrolls of remove curse {unknown}
 E - a scroll of fog {unknown}
 F - a scroll of recharging {unknown}
 J - a scroll of random uselessness {unknown}
Potions
 h - 4 potions of curing {unknown}
 n - 2 potions of might {unknown}
 u - 3 potions of magic {unknown}
 A - a potion of mutation {unknown}
 I - 2 potions of flight {unknown}
Miscellaneous
 j - an ornate deck of escape {drawn: 1}
Comestibles
 k - 2 royal jellies
 o - 8 fruits
 q - a slice of pizza
 G - a bread ration
 H - a beef jerky
 K - 2 chunks of flesh


   Skills:
 * Level 3.1 Fighting
 + Level 2.1 Short Blades
 + Level 3.0 Throwing
 + Level 3.2 Dodging
 - Level 3.0 Stealth
 * Level 1.2 Evocations


You had 5 spell levels left.
You didn't know any spells.

Dungeon Overview and Level Annotations

Branches:
Dungeon (5/15)
 Temple: D:4-7

Altars:
Gozag
Makhleb
Nemelex Xobeh
Sif Muna
Vehumet
Yredelemnul
Zin
The Shining One

Shops:
D:4 :


Innate Abilities, Weirdness & Mutations

You are too large for most types of armour.
You have claws for hands.
Your metabolism is lightning-fast.
You like to eat raw meat.
You heal very quickly.
You are covered in fur (AC +1).
You have very tough skin (AC +2).


Message History

You hit the ice beast.
The ice beast is almost dead.
The ice beast hits you but does no damage.
You hit the ice beast but do no damage.
The ice beast is almost dead.
The ice beast closely misses you.
You hit the ice beast but do no damage.
The ice beast is almost dead.
The ice beast hits you but does no damage.
You closely miss the ice beast.
The ice beast is almost dead.
The ice beast hits you. The ice beast freezes you!
* * * LOW HITPOINT WARNING * * *
You hit the ice beast but do no damage.
The ice beast is almost dead.
The ice beast hits you.
* * * LOW HITPOINT WARNING * * *
The ice beast freezes you!
You die...
Your body glows slightly and disappears.

. #. #. #. #. #.
#.#########
###.###..........
........@Y(..(..(.
###.......#######
#######.###### #
#......)..####.#
#.##.####....#.#
#.##.# #......#
#.##.# #....###
#.##.# #.#.##
#.##.####)#.#


You could see an ice beast.

Vanquished Creatures
  An ogre (D:4)
  2 hounds
  2 worker ants (D:4)
  Terence (D:3)
  2 adders (D:2)
  A giant mite (D:3)
  4 worms
  2 giant geckos
  3 orcs
  9 bats
  A bat skeleton (D:4)
  3 giant cockroaches
  12 goblins
  12 hobgoblins
  A jackal (D:3)
  3 quokkas
  4 ball pythons
  A giant gecko skeleton (D:4)
  3 giant newts
  12 kobolds
  14 rats
93 creatures vanquished.

Vanquished Creatures (collateral kills)
  Grinder (D:4)
  A worker ant (D:4)
  2 gnolls (D:3)
4 creatures vanquished.

Vanquished Creatures (others)
  A giant gecko (D:4)
1 creature vanquished.

Grand Total: 98 creatures vanquished

Notes
Turn   | Place    | Note
--------------------------------------------------------------
     0 | D:1      | uhvn, the Troll Assassin, began the quest for the Orb.
     0 | D:1      | Reached XP level 1. HP: 19/19 MP: 1/1
     6 | D:1      | Noticed a water moccasin
     6 | D:1      | Noticed a seven-headed hydra
     6 | D:1      | Noticed a black bear
     6 | D:1      | Noticed a hog
     6 | D:1      | Noticed a komodo dragon
   257 | D:1      | Reached XP level 2. HP: 25/27 MP: 1/1
   282 | D:1      | Found a sparkling altar of Nemelex Xobeh.
   297 | D:1      | Became a worshipper of Nemelex Xobeh the Trickster
   628 | D:1      | Received a gift from Nemelex Xobeh
   811 | D:1      | Reached XP level 3. HP: 32/35 MP: 2/2
   998 | D:2      | Reached skill level 1 in Dodging
  1065 | D:2      | Reached skill level 3 in Stealth
  1547 | D:2      | Reached XP level 4. HP: 42/42 MP: 2/2
  1664 | D:2      | Found a radiant altar of Vehumet.
  2173 | D:2      | You fall through a shaft for 2 floors!
  2694 | D:2      | Found a burning altar of Makhleb.
  2710 | D:2      | Reached XP level 5. HP: 40/49 MP: 2/2
  2841 | D:3      | Noticed Terence
  2891 | D:3      | Killed Terence
  2940 | D:3      | Found a deep blue altar of Sif Muna.
  3324 | D:3      | Found a basalt altar of Yredelemnul.
  3325 | D:3      | Noticed a profane servitor
  3341 | D:3      | Found a glowing golden altar of the Shining One.
  3342 | D:3      | Noticed an angel
  3596 | D:4      | Noticed Grinder
  3638 | D:4      | Reached skill level 1 in Evocations
  3647 | D:4      | Killed Grinder
  3647 | D:4      | Reached XP level 6. HP: 6/59 MP: 2/4
  3744 | D:4      | Noticed an ogre
  3760 | D:4      | Killed an ogre
  3876 | D:4      | Received a gift from Nemelex Xobeh
  3899 | D:4      | Found Thribbiy's Book Emporium.
  4162 | D:4      | Found an opulent altar of Gozag.
  4162 | D:4      | Found a glowing silver altar of Zin.
  4236 | D:5      | Entered Level 5 of the Dungeon
  4305 | D:5      | Slain by an ice beast

Action                   |  1- 3 |  4- 6 || total
-------------------------+-------+-------++-------
Melee: Dagger            |   160 |   269 ||   429
Throw: Stone             |    56 |   118 ||   174
Evoke: Deck              |       |     9 ||     9
 Stab: Sleeping          |       |     3 ||     3
  Eat: Chunk             |    13 |    21 ||    34
       Meat ration       |       |     3 ||     3
